Map: Nightshade LE

Players

NeWHoriZonS

  • Race: Protoss Protoss
  • League: Master
  • Spawn Location: 5:00

zuka - Winner!

  • Race: Protoss Protoss
  • League: Master
  • Spawn Location: 11:00

VOD

Have the link to the VOD?

Description

Time

  • Played on: Dec. 17, 2019, 3:06 p.m.
  • Length: 6:55
Show
View Real Time Build Order
Export as new Build Order

NeWHoriZonS Protoss 

Build Orders: Zealot Archon 

Get SALT Encoding   

  12  0:00  Probe  
  13  0:12  Probe  
  14  0:17  Pylon  
  14  0:25  Probe  
  15  0:35  Gateway  
  15  0:38  Probe (Chrono Boost)  
  16  0:48  Assimilator, Probe (Chrono Boost)  
  17  0:53  Probe (Chrono Boost)  
  17  0:56  Assimilator  
  18  1:05  Probe  
  19  1:12  Gateway  
  19  1:17  Probe  
  20  1:23  Cybernetics Core  
  20  1:29  Probe  
  21  1:36  Pylon  
  21  1:41  Probe  
  22  1:59  Stalker (Chrono Boost)  
  22  2:00  Sentry (Chrono Boost)  
  26  2:03  Probe  
  27  2:19  Stalker (Chrono Boost)  
  27  2:20  Pylon  
  27  2:21  Stalker (Chrono Boost)  
  31  2:45  Nexus  
  31  3:00  Warp Gate  
  31  3:02  Robotics Facility  
  31  3:08  Pylon  
  31  3:26  Probe  
  32  3:29  Shield Battery  
  32  3:30  Stalker  
  32  3:31  Stalker  
  36  3:47  Immortal (Chrono Boost)  
  39  3:58  Probe (Chrono Boost)  
  39  4:02  Probe (Chrono Boost)  
  41  4:08  Probe (Chrono Boost)  
  43  4:11  Probe (Chrono Boost)  
  43  4:13  Probe (Chrono Boost)  
  43  4:19  Observer (Chrono Boost)  
  43  4:21  Probe  
  44  4:24  Probe  
  42  4:33  Twilight Council, Probe  
  42  4:37  Probe  
  44  4:44  Pylon  
  44  4:45  Probe  
  44  4:49  Probe  
  46  5:02  Observer, Probe  
  46  5:03  Stalker x2  
  46  5:04  Probe  
  53  5:08  Pylon  
  53  5:14  Probe  
  53  5:16  Charge (Chrono Boost)  
  54  5:26  Probe x2  
  56  5:40  Gateway  
  56  5:41  Gateway  
  56  5:42  Templar Archives  
  58  5:45  Assimilator, Probe  
  58  5:46  Assimilator  
  58  5:47  Probe  
  57  5:57  Probe  
  57  5:59  Probe  
  57  6:01  Pylon  
  59  6:08  Pylon  
  59  6:14  Gateway  
  59  6:16  Gateway  
  59  6:18  High Templar  
  59  6:20  High Templar  
  59  6:25  Archon  
  63  6:26  Shield Battery  
  63  6:28  Shield Battery  
  63  6:35  Gateway  
  63  6:37  Gateway  
  63  6:41  High Templar x2  
  63  6:45  Archon  
Show
View Real Time Build Order
Export as new Build Order

zuka Protoss - Winner!

Build Orders:  

Get SALT Encoding   

  12  0:00  Probe  
  13  0:13  Probe  
  14  0:18  Pylon  
  14  0:25  Probe (Chrono Boost)  
  15  0:36  Probe (Chrono Boost)  
  15  0:37  Gateway  
  16  0:43  Probe  
  16  0:48  Assimilator  
  17  0:55  Probe  
  17  0:56  Assimilator  
  18  1:07  Probe (Chrono Boost)  
  19  1:12  Gateway  
  19  1:17  Probe (Chrono Boost)  
  20  1:22  Probe (Chrono Boost)  
  21  1:26  Cybernetics Core  
  21  1:33  Probe  
  22  1:41  Pylon  
  22  1:45  Probe  
  23  1:59  Probe  
  24  2:03  Stalker x2  
  24  2:04  Warp Gate (Chrono Boost)  
  28  2:15  Pylon  
  28  2:16  Probe  
  29  2:33  Stalker x2  
  33  2:48  Pylon  
  33  3:03  Stalker x2  
  37  3:22  Nexus  
  37  3:35  Robotics Facility  
  37  3:45  Stalker x2  
  37  3:48  Probe  
  42  4:00  Probe  
  43  4:12  Probe  
  44  4:24  Probe  
  44  4:31  Twilight Council  
  43  4:34  Gateway  
  43  4:35  Gateway  
  43  4:36  Probe  
  43  4:37  Observer (Chrono Boost)  
  45  4:43  Probe  
  46  4:48  Probe  
  47  4:53  Gateway  
  47  4:55  Probe  
  48  5:00  Probe  
  48  5:01  Immortal (Chrono Boost)  
  48  5:02  Charge (Chrono Boost)  
  53  5:16  Probe (Chrono Boost)  
  55  5:21  Probe (Chrono Boost)  
  55  5:27  Probe (Chrono Boost)  
  56  5:29  Pylon  
  56  5:31  Probe (Chrono Boost)  
  56  5:35  Pylon, Warp Prism (Chrono Boost)  
  57  5:37  Zealot  
  61  5:46  Sentry  
  61  5:47  Sentry x2  
  67  5:54  Pylon  
  67  5:58  Zealot x2  
  71  6:04  Pylon  
  71  6:09  Gateway  
  71  6:11  Zealot x2  
  71  6:12  Zealot  
  71  6:16  Probe  
  71  6:17  Probe  
  79  6:21  Zealot  
  79  6:22  Zealot  
  83  6:32  Zealot x3  
  87  6:49  Stalker x2  
  87  6:53  Stalker x3  
Tags
 
Composition
Zealot Archon
Matchup
PvP
Spawn Locations
Cross Positions
Add a new tag
Caveats
  • Supply blocks, unpowered buildings, or Contaminate may cause inaccurate times.
  • Supply counts are checked every 10 seconds.